 Dungeon Crawl Stone Soup version 0.26-a0-504-g0cf647090d (webtiles) character file.

Game seed: 7602685657787514824

29 Kaldir the Digger (level 3, -3/19 HPs)
             Began as a Gargoyle Earth Elementalist on Aug 8, 2020.
             Killed by nerve-wracking pain
             ... invoked by a shadow imp
             ... summoned by Natasha
              (5 damage)
             ... on level 2 of the Dungeon.
             The game lasted 00:02:14 (1071 turns).

Kaldir the Digger (Gargoyle Earth Elementalist)     Turns: 1071, Time: 00:02:15

Health: -3/19      AC:  5    Str: 11    XL:     3   Next: 16%
Magic:  7/7        EV: 12    Int: 16    God:
Gold:   45         SH:  0    Dex: 10    Spells: 6/7 levels left

rFire    + . .     SeeInvis .   g - +0 mace
rCold    . . .     Faith    .   (no shield)
rNeg     + . .     Spirit   .   c - +0 robe
rPois    ∞         Reflect  .   (no helmet)
rElec    +         Harm     .   (no cloak)
rCorr    .                      (no gloves)
MR       .....                  (no boots)
Stlth    ++........             (no amulet)
HPRegen  0.06/turn              m - ring of protection from fire
MPRegen  0.10/turn              (no ring)

@: mighty, hasted, very quick
A: negative energy resistance 1, electricity resistance, unbreathing,
petrification resistance, rot immunity, AC +3
a: no special abilities


You were on level 2 of the Dungeon.
You visited 1 branch of the dungeon, and saw 2 of its levels.

You collected 45 gold pieces.

Inventory:

Hand Weapons
 d - a +0 dagger
 g - a +0 mace (weapon)
Missiles
 b - 59 stones (quivered)
Armour
 c - a +0 robe (worn)
Jewellery
 m - a ring of protection from fire (left hand)
Scrolls
 a - a scroll of remove curse
Potions
 h - a potion of curing {unknown}
 k - a potion of berserk rage {unknown}
 o - a potion of might


   Skills:
 - Level 1.5 Dodging
 - Level 2.1 Stealth
 + Level 2.7 Spellcasting
   Level 0.7 Transmutations
 + Level 4.4 Earth Magic


You had 6 spell levels left.
You knew the following spells:

 Your Spells              Type           Power        Failure   Level
a - Sandblast             Erth           ###...       3%          1

Your spell library contained the following spells:

 Spells                   Type           Power        Failure   Level
 Passwall                 Tmut/Erth      ##......     10%         2
 Stone Arrow              Conj/Erth      #.....       24%         3
 Petrify                  Tmut/Erth      ##......     54%         4
 Lee's Rapid Deconstruct  Erth           ###.......   65%         5


Dungeon Overview and Level Annotations

Branches:
Dungeon (2/15)

Altars:
Ashenzari
Elyvilon

Annotations:
D:2 Natasha


Innate Abilities, Weirdness & Mutations

You are resistant to torment.
Your stone body is resilient. (AC +3)
You are immune to poison.
You resist negative energy. (rN+)
You are resistant to electric shocks. (rElec)
You can survive without breathing.
You are immune to petrification.
You are immune to rotting.


Message History

The shadow imp is almost dead.
The shadow imp hits you but does no damage.
Unknown command.
You barely miss the shadow imp.
The shadow imp is almost dead.
The shadow imp hits you.
A hobgoblin comes into view. It is wielding a +0 club.
The shadow imp hits you.
You barely miss the shadow imp.
The shadow imp is almost dead.
The shadow imp closely misses you.
Unknown command.
You feel very mighty all of a sudden. The shadow imp hits you.
* * * LOW HITPOINT WARNING * * *
Unknown command.
It was a potion of haste.
You feel yourself speed up. The kobold misses you.
The shadow imp gestures at you. Pain shoots through your body!
You die...

#.# ..# #.#. #..
.... #.### # #.
...... ###. #. .#..
... #. ..#####.##..
#K####........#.#
#.@5lh..####..#§#
######.....#§§§§#
#...#....§§§§#
#........§§§§.
#####.#......§§§..
........._..⌠§.§§.
.....##.........§#
............$....##
.......#.........#


You could see Natasha, a shadow imp (summoned), a kobold and a frilled lizard.

Vanquished Creatures
  A gnoll (D:1)
  An ooze (D:2)
  A ball python (D:2)
  A bat (D:1)
  A goblin (D:1)
  4 hobgoblins (D:1)
  2 kobolds (D:1)
  3 frilled lizards
  A rat (D:1)
15 creatures vanquished.

Notes
Turn   | Place    | Note
-------+----------+-------------------------------------------
     0 | D:1      | Kaldir the Gargoyle Earth Elementalist began the quest for
                  | the Orb.
     0 | D:1      | Reached XP level 1. HP: 10/10 MP: 3/3
   245 | D:1      | Reached XP level 2. HP: 13/15 MP: 5/5
   248 | D:1      | Reached skill level 4 in Earth Magic
  1036 | D:2      | Found a white marble altar of Elyvilon.
  1036 | D:2      | Found a shattered altar of Ashenzari.
  1058 | D:2      | Reached XP level 3. HP: 16/19 MP: 7/7
  1058 | D:2      | Noticed Natasha
  1071 | D:2      | Killed from afar by a shadow imp

Illustrated notes

Levels and vault maps discovered:
D:1:      minmay_arrival_statue_studded, layout_basic,
          chequers_serial_rivers_micro_d, minmay_misc_feat_doors,
          hangedman_decor_slide_cut
D:2:      layout_basic, grunt_temple_overflow_open, uniq_robin, uniq_natasha

Skill      XL: |  1  2 |
---------------+-------+-----
Earth Magic    | 4 |  4.4
Dodging        | |  1.5
Stealth        | |  2.1
Spellcasting   | |  2.7
Transmutations | |  0.7

Action                   || total
-------------------------++-------
Melee: Dagger            ||    12
       Mace              ||    32
 Cast: Sandblast         ||     5
  Use: Scroll            ||     6
       Potion            ||     2
Armor: Robe              ||    15
Dodge: Dodged            ||    40

Table legend: (Time is in decaauts)
 A = Elapsed time spent in this place.
 B = Non-inter-level travel time spent in this place.
 C = Inter-level travel time spent in this place.
 D = Time resting spent in this place.
 E = Time spent auto-exploring this place.
 F = Levels seen in this place.
 G = Mean time per level.
                   A        B        C        D        E       F      G
               +--------+--------+--------+--------+--------+-----+--------+
         Total |   1083 |   1041 |     42 |     44 |    830 |   2 |  541.5 |
       Dungeon |   1083 |   1041 |     42 |     44 |    830 |   2 |  541.5 |
               +--------+--------+--------+--------+--------+-----+--------+

Top non-repeatable levels by time:
     D:1: 1037 daAuts
     D:2: 45 daAuts
